 Dungeon Crawl Stone Soup version 0.22.1-1-ga44c0e5 (webtiles) character file.

14082 geeseburger the Fighter (level 12, -2/84 HPs)
             Began as a Tengu Berserker on Oct 8, 2018.
             Was a High Priest of Trog.
             Killed from afar by an orc warrior (37 damage)
             ... with an exploding inner flame
             ... hexed by the player character
             ... on level 11 of the Dungeon.
             The game lasted 00:45:26 (11173 turns).

geeseburger the Fighter (Tengu Berserker)          Turns: 11173, Time: 00:45:26

Health: -2/84      AC:  5    Str: 19    XL:     12   Next: 12%
Magic:  13/13      EV: 29    Int:  7    God:    Trog [*****.]
Gold:   652        SH:  0    Dex: 22    Spells: 11/11 levels left

rFire    x . .     SeeInvis +   E - +10 long sword of Ravage {slice, +Blink rF- Stlth+}
rCold    . . .     Gourm    .   (no shield)
rNeg     . . .     Faith    .   y - +0 troll leather armour
rPois    .         Spirit   .   (helmet restricted)
rElec    .         Reflect  .   M - +0 cloak
rCorr    .         Harm     .   (no gloves)
MR       .....                  (boots unavailable)
Stlth    +++.......             F - amulet of regeneration
HPRegen  1.04/turn              i - ring of see invisible
MPRegen  0.13/turn              w - +4 ring of dexterity

@: flying quickly and evasively, quick
A: beak, talons 3, able to fly 1
a: Berserk, Trog's Hand, Brothers in Arms, Renounce Religion, Evoke Blink


You were on level 11 of the Dungeon.
You worshipped Trog.
Trog was extremely pleased with you.
You were not hungry.

You visited 1 branch of the dungeon, and saw 11 of its levels.
You also visited: Sewer.

You collected 652 gold pieces.

Inventory:

Hand Weapons
 a - a +0 spear
 p - a +5 whip
 v - a +1 great sword of flaming
 x - a +1 whip of flaming
 E - the +10 long sword of Ravage (weapon) {slice, +Blink rF- Stlth+}
   (You found it on level 9 of the Dungeon)

   It inflicts extra damage upon your enemies.
   It makes you vulnerable to fire.
   It lets you blink.
   It makes you more stealthy.
 G - a -1 trident
Armour
 j - a +3 ring mail
 u - a +3 leather armour
 y - a +0 troll leather armour (worn)
 M - a +0 cloak (worn)
Jewellery
 i - a ring of see invisible (left hand)
 l - an uncursed ring of fire
 w - a +4 ring of dexterity (right hand)
 A - an uncursed ring of flight
 F - an amulet of regeneration (around neck)
 I - an uncursed ring of fire
Wands
 b - a wand of disintegration (17)
 s - a wand of iceblast (4)
 C - a wand of enslavement (26)
 D - a wand of polymorph (15)
 L - a wand of digging (13)
Scrolls
 e - 6 scrolls of remove curse
 g - 3 scrolls of teleportation
 k - 3 scrolls of fog
 r - 2 scrolls of immolation
 B - a scroll of blinking
 J - a scroll of identify
Potions
 d - 5 potions of might
 f - 10 potions of curing
 h - 3 potions of lignification
 m - 5 potions of heal wounds
 n - 3 potions of flight
 o - 7 potions of brilliance
 q - 2 potions of agility
 t - a potion of mutation
 z - a potion of resistance
 H - a potion of cancellation
Comestibles
 c - 16 rations


   Skills:
 * Level 13.4 Fighting
 + Level 6.5 Long Blades
 - Level 3.2 Polearms
 - Level 2.1 Armour
 * Level 13.3 Dodging


You had 11 spell levels left.
You didn't know any spells.
Your spell library was empty.

Dungeon Overview and Level Annotations

Branches:
Dungeon (11/15)            Temple (0/1) D:6            Lair (0/6) D:11
    Orc: D:9-12

Altars:
Dithmenos
Gozag
Nemelex Xobeh
Zin
Beogh

Portals:
Trove: D:10 (show abyssal rune of Zot)


Innate Abilities, Weirdness & Mutations

You have a beak for a mouth.
You have claws for feet.
You can fly.


Message History

The fiery explosion engulfs the orc.
The orc explodes!
The fiery explosion engulfs the orc warrior.
The orc warrior explodes!
The fiery explosion engulfs the orc warrior.
The orc warrior explodes!
The fiery explosion engulfs the orc.
The orc explodes!
The fiery explosion engulfs the orc.
The orc explodes!
The fiery explosion engulfs the orc warrior.
The orc warrior explodes!
Trog accepts your kill. x2
The fiery explosion engulfs you! The fire burns you terribly!
Trog accepts your kill. x18
Something appears before you! Trog grants you ammunition!
Trog accepts your kill. x3
The fiery explosion engulfs you! The fire burns you terribly!
You die...

#...#.....# #.
#.#.#.###.# ##
#.#.#.#...###############
#.
#.###.#.#................
+.
#.....#..########.######
##########§§§§§§#.#
#§§§§§§#.# #§§§§§§#.#
#§§§§§§@.# ##########


There were no monsters in sight!

Vanquished Creatures
  A hydra (D:11)
  A two-headed ogre (D:10)
  3 death yaks (D:11)
  Pikel (D:7)
  An ugly thing (D:11)
  A manticore (D:11)
  Maurice (D:10)
  Psyche (D:11)
  A hornet (D:7)
  3 trolls
  3 hippogriffs
  A shadow (D:11)
  2 wyverns
  10 yaks
  11 orc warriors
  A slave (D:7)
  An ice beast (D:5)
  A black bear (D:9)
  4 sky beasts
  7 ogres
  5 centaurs
  5 big kobolds
  7 bullfrogs
  A wyvern zombie (D:11)
  3 scorpions
  9 wights
  A howler monkey (D:4)
  3 crimson imps
  3 bullfrog zombies
  A centaur zombie (D:8)
  8 hounds
  A bullfrog skeleton (D:5)
  3 centaur skeletons
  10 orc priests
  5 orc wizards
  Jessica (D:3)
  3 iguanas
  6 worker ants
  2 howler monkey zombies
  A worker ant zombie (D:8)
  4 gnolls (D:8)
  7 adders
  A shadow imp (D:5)
  4 oozes
  3 adder zombies
  3 adder skeletons
  4 worms
  3 dart slugs
  4 leopard geckos
  30 orcs
  4 ball pythons
  6 giant cockroaches
  3 goblins
  6 hobgoblins
  6 jackals
  5 quokkas
  2 bats (Sewer)
  6 frilled lizards
  23 kobolds
  A leopard gecko zombie (D:6)
  A quokka skeleton (D:5)
  9 rats
268 creatures vanquished.

Vanquished Creatures (collateral kills)
  Eustachio (D:6)
  Blork the orc (D:6)
2 creatures vanquished.

Grand Total: 270 creatures vanquished

Notes
Turn   | Place    | Note
-------+----------+-------------------------------------------
     0 | D:1      | geeseburger the Tengu Berserker began the quest for the
                  | Orb.
     0 | D:1      | Reached XP level 1. HP: 14/14 MP: 2/2
   447 | D:1      | Reached XP level 2. HP: 7/19 MP: 3/3
  1205 | D:2      | Reached XP level 3. HP: 24/24 MP: 4/4
  1564 | D:3      | Found a glowing drain.
  1564 | D:3      | Noticed Jessica
  1581 | D:3      | Killed Jessica
  1581 | D:3      | Reached XP level 4. HP: 16/30 MP: 5/5
  1790 | D:3      | Found a faded altar of an unknown god.
  1865 | Sewer    | Entered a sewer
  1917 | Sewer    | Reached ** piety under Trog
  2051 | Sewer    | Noticed a big kobold
  2051 | Sewer    | Noticed a big kobold
  2051 | Sewer    | Noticed a big kobold
  2100 | Sewer    | Killed a big kobold
  2100 | Sewer    | Reached skill level 5 in Fighting
  2100 | Sewer    | Gained mutation: You can fly. [Tengu growth]
  2100 | Sewer    | Reached XP level 5. HP: 18/35 MP: 6/6
  2107 | Sewer    | Killed a big kobold
  2107 | Sewer    | Reached XP level 6. HP: 17/40 MP: 3/7
  3050 | D:4      | Reached XP level 7. HP: 45/47 MP: 8/8
  3227 | D:4      | Reached *** piety under Trog
  3227 | D:4      | Reached skill level 5 in Dodging
  3930 | D:4      | Reached XP level 8. HP: 44/54 MP: 9/9
  4145 | D:5      | Entered Level 5 of the Dungeon
  5766 | D:6      | Noticed Blork the orc
  5767 | D:6      | Noticed Eustachio
  6068 | D:6      | Found a sparkling altar of Nemelex Xobeh.
  6073 | D:6      | Found a shadowy altar of Dithmenos.
  6230 | D:6      | Found a glowing silver altar of Zin.
  6232 | D:6      | Found an opulent altar of Gozag.
  6332 | D:6      | Reached **** piety under Trog
  6506 | D:6      | Killed Blork the orc
  6534 | D:6      | Killed Eustachio
  6587 | D:6      | Reached XP level 9. HP: 35/60 MP: 10/10
  6835 | D:6      | Found a staircase to the Ecumenical Temple.
  7161 | D:7      | Noticed a hornet
  7172 | D:7      | Paralysed by a hornet for 1 turns
  7174 | D:7      | Killed a hornet
  7762 | D:7      | Reached skill level 10 in Fighting
  8013 | D:7      | Noticed Pikel
  8032 | D:7      | Killed Pikel
  8761 | D:8      | Reached skill level 10 in Dodging
  8930 | D:8      | Reached XP level 10. HP: 62/68 MP: 7/11
  9022 | D:8      | Reached skill level 1 in Long Blades
  9373 | D:9      | Got an iridescent long sword
  9375 | D:9      | Identified the +10 long sword of Ravage {slice, +Blink rF-
                  | Stlth+} (You found it on level 9 of the Dungeon)
 10085 | D:10     | Entered Level 10 of the Dungeon
 10310 | D:10     | Noticed a two-headed ogre
 10322 | D:10     | Killed a two-headed ogre
 10322 | D:10     | Reached XP level 11. HP: 65/76 MP: 12/12
 10421 | D:10     | Noticed Maurice
 10426 | D:10     | Killed Maurice
 10567 | D:10     | Found a portal to a secret trove of treasure.
 10707 | D:11     | Noticed a manticore
 10716 | D:11     | Killed a manticore
 10740 | D:11     | Noticed a five-headed hydra
 10742 | D:11     | Noticed a death yak
 10743 | D:11     | Noticed a death yak
 10752 | D:11     | Killed a one-headed hydra
 10760 | D:11     | Killed a death yak
 10760 | D:11     | Reached skill level 5 in Long Blades
 10767 | D:11     | Noticed a death yak
 10779 | D:11     | Killed a death yak
 10784 | D:11     | Killed a death yak
 10823 | D:11     | Found a staircase to the Lair.
 10952 | D:11     | Reached ***** piety under Trog
 11112 | D:11     | Noticed Psyche
 11119 | D:11     | Killed Psyche
 11119 | D:11     | Reached XP level 12. HP: 75/84 MP: 9/13
 11171 | D:11     | Found a roughly hewn altar of Beogh.
 11173 | D:11     | Received a gift from Trog
 11173 | D:11     | Killed from afar by an orc warrior

Skill      XL: |  1  2  3  4  5  6  7  8  9 10 11 |
---------------+----------------------------------+-----
Fighting       | 4 5 6 7 9 10 12 13 | 13.4
Dodging        | 3 4 5 7 10 11 13 | 13.3
Long Blades    | 4 6 |  6.5
Polearms       | |  3.2
Armour         | |  2.1

Action                   |  1- 3 |  4- 6 |  7- 9 | 10-12 || total
-------------------------+-------+-------+-------+-------++-------
Melee: Spear             |    74 |   108 |       |       ||   182
       Kick              |    20 |    34 |   118 |   122 ||   294
       Peck              |    13 |    17 |    85 |    81 ||   196
       Whip              |       |    39 |   275 |       ||   314
       Great sword       |       |       |    22 |    96 ||   118
       Long sword        |       |       |       |   125 ||   125
Invok: Trog's Hand       |       |       |     2 |     7 ||     9
       Brothers in Arms  |       |       |     1 |       ||     1
 Abil: Fly               |       |     1 |    10 |    11 ||    22
  Use: Scroll            |     7 |     4 |    15 |     8 ||    34
       Potion            |       |       |     3 |     1 ||     4
 Stab: Distracted        |       |       |     1 |     1 ||     2
       Sleeping          |       |       |       |     3 ||     3
  Eat: Ration            |     1 |     1 |     7 |     3 ||    12
Armor: Leather armour    |     2 |       |    16 |     9 ||    27
       Ring mail         |     6 |    56 |    52 |       ||   114
       Troll leather arm |       |       |       |    10 ||    10
Dodge: Dodged            |    23 |    82 |   276 |   241 ||   622
       Rpst.: Great sword |       |       |     7 |    33 ||    40
       Long sword        |       |       |       |    35 ||    35
